 Dungeon Crawl Stone Soup version 0.19.5 (webtiles) character file.

2228 McKennaii the Thaumaturge (level 9, 0/48 HPs)
             Began as a Deep Elf Fire Elementalist on May 6, 2017.
             Was a Follower of Vehumet.
             Slain by a hound (2 damage)
             ... in a bailey.
             The game lasted 00:26:09 (6511 turns).

McKennaii the Thaumaturge (DEFE)                    Turns: 6511, Time: 00:26:10

Health: 0/48       AC:  7    Str:  5    XL:     9   Next: 14%
Magic:  9/24       EV:  7    Int: 27    God:    Vehumet [*.....]
Gold:   232        SH:  0    Dex: 15    Spells: 7 memorised, 8 levels left

rFire  + . .     SeeInvis +     (no weapon)
rCold  . . .     Gourm    .     G - +3 robe "Zubbeome" {*Drain +Inv Int+3 SInv}
rNeg   . . .     Faith    .     (no shield)
rPois  .         Spirit   .     (no helmet)
rElec  .         Reflect  .     q - +1 cloak
rCorr  .         Harm     .     (no gloves)
MR     .....                    (no boots)
Stlth  +++.......               (no amulet)
                                y - ring of flight
                                s - ring of protection from fire

@: held
A: no striking features
a: Renounce Religion, Evoke Invisibility, Evoke Flight


You were in a bailey.
You worshipped Vehumet.
Vehumet was aware of your devotion.
You were not hungry.

You visited 1 branch of the dungeon, and saw 8 of its levels.
You also visited: Ossuary and Bailey.

You collected 403 gold pieces.
You spent 171 gold pieces at shops.

Inventory:

Armour
 q - a +1 cloak (worn)
 G - the +3 robe "Zubbeome" (worn) {*Drain +Inv Int+3 SInv}
   (You bought it in a shop on level 7 of the Dungeon)

   It affects your intelligence (+3).
   It lets you see invisible.
   It lets you turn invisible.
   It causes draining when unequipped.
Jewellery
 s - a ring of protection from fire (left hand)
 y - a ring of flight (right hand)
Wands
 F - a wand of hasting (5/9)
 H - a wand of confusion (19/48)
Scrolls
 e - 2 scrolls of blinking
 f - 13 scrolls of identify
 g - 2 scrolls of recharging
 h - 2 scrolls of teleportation
 i - a scroll of enchant armour
 l - 4 scrolls of amnesia
 m - 2 scrolls of enchant weapon
 t - 3 scrolls of noise {unknown}
 u - 4 scrolls of magic mapping {unknown}
 v - 2 scrolls of fear
 w - 5 scrolls of remove curse
 C - 5 scrolls of immolation {unknown}
Potions
 d - 9 potions of curing
 k - 2 potions of invisibility {unknown}
 n - 2 potions of lignification {unknown}
 p - 3 potions of degeneration {unknown}
 x - 2 potions of haste {unknown}
 z - 3 potions of heal wounds {unknown}
 B - 2 potions of might {unknown}
 D - 2 potions of brilliance {unknown}
 E - a potion of cure mutation {unknown}
 I - a potion of ambrosia {unknown}
 J - 2 potions of mutation {unknown}
 K - a potion of cancellation {unknown}
Books
 b - a book of Flames

   Spells                             Type                      Level
   a - Flame Tongue                   Conjuration/Fire             1
   b - Throw Flame                    Conjuration/Fire             2
   c - Conjure Flame                  Conjuration/Fire             3
   d - Inner Flame                    Hexes/Fire                   3
   e - Sticky Flame                   Conjuration/Fire             4
   f - Fireball                       Conjuration/Fire             5
 A - a book of Necromancy

   Spells                             Type                      Level
   a - Pain                           Necromancy                   1
   b - Animate Skeleton               Necromancy                   1
   c - Vampiric Draining              Necromancy                   3
   d - Regeneration                   Charms/Necromancy            3
   e - Animate Dead                   Necromancy                   4
   f - Control Undead                 Necromancy                   4
Comestibles
 c - 6 bread rations
 j - 6 meat rations
 o - 8 fruits
 r - 2 beef jerkies


   Skills:
 + Level 1.7 Fighting
 + Level 4.0 Dodging
 + Level 4.0 Stealth
 + Level 9.5 Spellcasting
 + Level 6.8 Conjurations
 + Level 7.7 Fire Magic


You had 8 spell levels left.
You knew the following spells:

 Your Spells              Type           Power        Failure   Level  Hunger
a - Flame Tongue          Conj/Fire      #####        1%          1    None
b - Throw Flame           Conj/Fire      ######       1%          2    None
c - Fireball              Conj/Fire      ######....   8%          5    ####...
d - Conjure Flame         Conj/Fire      ######..     1%          3    None
e - Inner Flame           Hex/Fire       ####....     2%          3    None
f - Sticky Flame          Conj/Fire      ######..     2%          4    None
g - Freeze                Ice            ##..         6%          1    None


Dungeon Overview and Level Annotations

Branches:
Dungeon (8/15)             Temple (0/1) D:6
   Lair: D:8-11

Altars:
Ashenzari
Cheibriados
Dithmenos
Elyvilon
Fedhas
Hepliaklqana
Makhleb
Okawaru
Ru
Trog
Uskayaw
Vehumet
Xom
Yredelemnul

Shops:
D:7 [


Message History

The flame tongue hits the gnoll.
The gnoll is severely wounded.
The hound bites you but does no damage. x2
Casting: Flame Tongue
Confirm with . or Enter, or press ? or * to list all spells.
Aiming: Flame Tongue
Press: ? - help, Shift-Dir - straight line, f/p - gnoll
Aim: a gnoll, wielding a halberd and wearing a ring mail (severely wounded)
The flame tongue misses the gnoll.
The hound bites you but does no damage. The gnoll hits you but does no damage.
Casting: Flame Tongue
Confirm with . or Enter, or press ? or * to list all spells.
Aiming: Flame Tongue
Press: ? - help, Shift-Dir - straight line, f/p - gnoll
Aim: a gnoll, wielding a halberd and wearing a ring mail (severely wounded)
The flame tongue hits the gnoll.
You kill the gnoll!
Vehumet accepts your kill. The hound bites you but does no damage.
The hound bites you.
You die...

.≈..# .≈..#
..≈..#
..≈..#
♣..≈..#
♣♣...≈..#
#♣♣♣.......+
#∩.@∩).....+
#♣♣♣h).....+
♣♣...≈..#
...≈..#
...≈..#
♣..≈..#
♣.≈..# .≈..#


You could see a hound.

Vanquished Creatures
  Prince Ribbit (D:7)
  An ice beast (D:5)
  2 phantoms (D:4)
  A necrophage (D:6)
  An ogre (D:4)
  2 centaurs
  4 bullfrogs
  A scorpion (D:5)
  A water moccasin skeleton (D:6)
  3 killer bees (D:7)
  A howler monkey (D:5)
  A centaur zombie (Ossuary)
  3 hounds
  2 jellies
  3 human zombies (Ossuary)
  An orc priest (D:5)
  A gnoll shaman (D:3)
  4 orc wizards
  2 worker ants
  An iguana (D:4)
  Ijyb (D:3)
  A big kobold zombie (Ossuary)
  3 mummies (Ossuary)
  7 adders
  10 gnolls
  A shadow imp (D:5)
  2 adder zombies
  3 worms
  3 dart slugs
  4 leopard geckos
  14 orcs
  3 ball pythons
  2 giant cockroaches
  8 goblins
  10 hobgoblins
  7 jackals
  5 kobolds
  A quokka (D:5)
  5 bats
  7 frilled lizards
  A gnoll zombie (Ossuary)
  2 goblin zombies
  A hobgoblin zombie (Ossuary)
  A jackal skeleton (D:6)
  A quokka skeleton (D:4)
  5 rats (D:1)
  A rat zombie (D:8)
145 creatures vanquished.

Notes
Turn   | Place    | Note
-------+----------+-------------------------------------------
     0 | D:1      | McKennaii the Deep Elf Fire Elementalist began the quest for the Orb.
     0 | D:1      | Reached XP level 1. HP: 10/10 MP: 6/6
   171 | D:1      | Reached XP level 2. HP: 12/15 MP: 0/8
   175 | D:1      | Learned a level 2 spell: Throw Flame
   844 | D:2      | Found a burning altar of Makhleb.
  1107 | D:2      | Reached XP level 3. HP: 19/19 MP: 5/9
  1173 | D:2      | Found a sacrificial altar of Ru.
  1353 | D:2      | Found a blossoming altar of Fedhas.
  1483 | D:3      | Found a shimmering altar of Xom.
  1484 | D:3      | Found a hazy altar of Hepliaklqana.
  1484 | D:3      | Noticed an insubstantial wisp
  1485 | D:3      | Noticed an insubstantial wisp
  1485 | D:3      | Noticed a spectral ugly thing
  1646 | D:3      | Found a snail-covered altar of Cheibriados.
  1695 | D:3      | Reached XP level 4. HP: 24/24 MP: 5/11
  1865 | D:3      | Noticed Ijyb
  1867 | D:3      | Reached skill level 4 in Spellcasting
  1871 | D:3      | Killed Ijyb
  2121 | D:3      | Reached XP level 5. HP: 25/28 MP: 7/13
  2371 | D:4      | Noticed a phantom
  2385 | D:4      | Killed a phantom
  2385 | D:4      | Reached skill level 5 in Fire Magic
  2385 | D:4      | Reached XP level 6. HP: 18/32 MP: 4/15
  2501 | D:4      | Reached skill level 5 in Spellcasting
  3163 | D:4      | Reached skill level 1 in Fighting
  3163 | D:4      | Reached XP level 7. HP: 38/38 MP: 8/17
  3486 | D:5      | Entered Level 5 of the Dungeon
  3514 | D:5      | Reached skill level 6 in Spellcasting
  3749 | D:5      | Found an iron altar of Okawaru.
  3856 | D:5      | Found a radiant altar of Vehumet.
  3880 | D:5      | Found a white marble altar of Elyvilon.
  3918 | D:5      | Found a shattered altar of Ashenzari.
  4195 | D:5      | Found a bloodstained altar of Trog.
  4254 | D:5      | Reached skill level 7 in Spellcasting
  4463 | D:5      | Became a worshipper of Vehumet
  4647 | D:6      | Reached skill level 5 in Conjurations
  4647 | D:6      | Reached XP level 8. HP: 27/43 MP: 12/21
  4795 | D:6      | Found a hide-covered altar of Uskayaw.
  4795 | D:6      | Noticed a hand axe
  4796 | D:6      | Noticed a dagger
  4984 | D:6      | Found a staircase to the Ecumenical Temple.
  5188 | D:6      | Reached skill level 8 in Spellcasting
  5315 | D:7      | Noticed Prince Ribbit
  5340 | D:7      | Found a shadowy altar of Dithmenos.
  5483 | D:7      | Found a basalt altar of Yredelemnul.
  5538 | D:7      | Found Tuymn's Antique Armour Shop.
  5541 | D:7      | Bought a brightly glowing robe for 171 gold pieces
  5551 | D:7      | Identified the +3 robe "Zubbeome" {*Drain +Inv Int+3 SInv} (You bought it in a shop on level 7 of the Dungeon)
  5567 | D:7      | Killed Prince Ribbit
  5640 | D:7      | Learned a level 5 spell: Fireball
  5644 | D:7      | Learned a level 3 spell: Conjure Flame
  5648 | D:7      | Learned a level 3 spell: Inner Flame
  5653 | D:7      | Learned a level 4 spell: Sticky Flame
  5842 | D:7      | Reached skill level 9 in Spellcasting
  5895 | D:7      | Reached * piety under Vehumet
  5895 | D:7      | Offered knowledge of Freeze by Vehumet.
  5895 | D:7      | Reached XP level 9. HP: 47/48 MP: 14/24
  5898 | D:7      | Learned a level 1 spell: Freeze
  6115 | D:8      | Found a sand-covered staircase.
  6122 | Ossuary  | Entered an ossuary
  6477 | D:8      | Found a flagged portal.
  6494 | Bailey   | Entered a bailey
  6507 | Bailey   | HP: 1/48 [gnoll/halberd (2)]
  6511 | Bailey   | Slain by a hound

Skill      XL: |  1  2  3  4  5  6  7  8  9 |
---------------+----------------------------+-----
Conjurations   | 2 3 4 5 6 |  6.8
Fire Magic     | 4 5 6 7 |  7.7
Stealth        | 3 4 |  4.0
Spellcasting   | 4 5 7 9 |  9.5
Dodging        | 3 4 |  4.0
Fighting       | 1 |  1.7

Action                   |  1- 3 |  4- 6 |  7- 9 || total
-------------------------+-------+-------+-------++-------
Melee: Unarmed           |       |       |    21 ||    21
 Cast: Flame Tongue      |    53 |    87 |   180 ||   320
       Throw Flame       |    19 |    18 |    51 ||    88
       Fireball          |       |       |     3 ||     3
       Freeze            |       |       |     1 ||     1
  Use: Scroll            |       |     3 |     7 ||    10
  Eat: Chunk             |     3 |     4 |    10 ||    17
       Fruit             |       |       |     1 ||     1
Armor: Robe              |     3 |     5 |    30 ||    38
Dodge: Dodged            |    24 |    16 |    76 ||   116
